 Dungeon Crawl Stone Soup version 0.18-a0-1805-g8ab820f (webtiles) character file.

2984 nubinia the Zephyrmancer (level 9, -5/48 HPs)
             Began as a Tengu Air Elementalist on Apr 26, 2016.
             Was a Priest of Sif Muna.
             Slain by a guardian serpent (17 damage)
             ... on level 9 of the Dungeon.
             The game lasted 00:49:23 (7328 turns).

nubinia the Zephyrmancer (Tengu Air Elementalist)   Turns: 7328, Time: 00:49:24

Health: -5/48      AC:  7    Str: 10    XL:     9   Next: 83%
Magic:  4/20       EV: 17    Int: 18    God:    Sif Muna [***...]
Gold:   442        SH:  0    Dex: 14    Spells: 5 memorised, 9 levels left

rFire  x . .     SeeInvis .     J - staff of conjuration
rCold  + . .     Gourm    .     A - +2 robe {MR+}
rNeg   . . .     Faith    .     (no shield)
rPois  .         Spirit   .     (helmet restricted)
rElec  .         Dismiss  .     j - +0 cloak
rCorr  +         Reflect  .     E - +1 pair of gloves
SustAt .         Harm     .     (boots unavailable)
MR     +....                    y - amulet of regeneration
Stlth  ++........               t - ring of resist corrosion
                                h - ring of ice

@: lethally poisoned (-5 -> -8), flying quickly and evasively (expiring), very
slightly contaminated, invisible, quick, somewhat resistant to hostile
enchantments, unstealthy
A: beak, talons 3, able to fly 1
a: Channel Energy, Renounce Religion


You were on level 9 of the Dungeon.
You worshipped Sif Muna.
Sif Muna was most pleased with you.
You were hungry.

You visited 2 branches of the dungeon, and saw 10 of its levels.

You collected 442 gold pieces.

Inventory:

Hand Weapons
 e - a +0 dagger
 m - a +3 whip of draining
 q - a +1 short sword of venom
 C - a +2 scythe of freezing
 H - a +0 dagger of electrocution
Armour
 a - a +0 robe
 j - a +0 cloak (worn)
 o - a +0 pair of gloves
 p - a +2 robe of cold resistance
 A - a +2 robe of magic resistance (worn)
 E - a +1 pair of gloves (worn)
Magical Staves
 J - an uncursed staff of conjuration (weapon)
Jewellery
 h - a ring of ice (left hand)
 t - a ring of resist corrosion (right hand)
 y - an amulet of regeneration (around neck)
Wands
 v - a wand of flame (22/48)
 B - a wand of acid (6/15)
Scrolls
 d - a scroll of blinking
 f - 4 scrolls of identify
 n - a scroll of noise
 r - 2 scrolls of enchant armour
 s - 5 scrolls of remove curse
 u - 2 scrolls of teleportation
 x - a scroll of magic mapping
 G - a scroll of fog
Potions
 g - 2 potions of berserk rage
 i - 2 potions of brilliance
 k - 6 potions of curing
 z - a potion of flight
 K - a potion of cancellation
 L - 2 potions of haste
 M - a potion of ambrosia
 O - a potion of heal wounds
Books
 b - a book of Air

   Spells                             Type                      Level
   a - Shock                          Conjuration/Air              1
   b - Swiftness                      Charms/Air                   2
   c - Repel Missiles                 Charms/Air                   2
   d - Static Discharge               Conjuration/Air              3
   e - Lightning Bolt                 Conjuration/Air              5
Comestibles
 c - 5 bread rations
 l - a meat ration
 I - a beef jerky


   Skills:
 + Level 1.8 Fighting
 + Level 0.2 Polearms
 + Level 4.5 Dodging
 + Level 2.6 Stealth
 * Level 7.1 Spellcasting
 * Level 7.9 Conjurations
 + Level 0.2 Charms
 * Level 9.1 Air Magic
 + Level 4.2 Invocations
 + Level 0.6 Evocations


You had 9 spell levels left.
You knew the following spells:

 Your Spells              Type           Power        Failure   Level  Hunger
a - Shock                 Conj/Air       ####         1%          1    None
b - Swiftness             Chrm/Air       ###.....     2%          2    None
c - Static Discharge      Conj/Air       ######..     1%          3    ##.....
d - Lightning Bolt        Conj/Air       ######....   12%         5    #####..
r - Repel Missiles        Chrm/Air       ###...       2%          2    None


Dungeon Overview and Level Annotations

Branches:
Dungeon (9/15)             Temple (1/1) D:5
   Lair: D:8-11         Orc: D:9-12

Altars:
Dithmenos
Elyvilon
Fedhas
Gozag
Kikubaaqudgha
Makhleb
Nemelex Xobeh
Okawaru
Ru
Sif Muna
Vehumet
Xom
Yredelemnul
Zin

Shops:
D:9 [

Annotations:
D:6 1 exclusion
D:7 M4edhros's ghost, novice OpAr
D:8 Erica


Innate Abilities, Weirdness & Mutations

You have a beak for a mouth.
You have claws for feet.
You can fly.


Message History

The worker ant is severely wounded.
The lightning arcs!
You are struck by lightning.
The lightning grounds out.
You feel sick. The worker ant completely misses you.
Casting: Static Discharge
Confirm with . or Enter, or press ? or * to list all spells.
You feel a surge of power!
The guardian serpent is struck by lightning.
The guardian serpent is moderately wounded.
The lightning grounds out.
The worker ant is struck by lightning.
You kill the worker ant!
The lightning arcs!
You are struck by lightning.
* * * LOW HITPOINT WARNING * * *
The lightning arcs!
The guardian serpent is struck by lightning.
The guardian serpent is heavily wounded.
The lightning grounds out.
You are feeling hungry.
You are starting to lose your buoyancy.
You feel sick. The guardian serpent misses you. The guardian serpent hits you!
You die...

.##.)# .. .....#
#.## ####.# #..#
...#.# #..# .....#
#..+ .....# #..#
.†...#####..######
###†...........S.#
#...........##@#
###...........##.#
..............##.#
..............##.#
###...........##.#
≈ #...........##.#
≈≈≈#+#......####.#
≈≈≈ #......# #.# .
.....


You could see a guardian serpent.

Vanquished Creatures
  Grinder (D:6)
  Sigmund (D:4)
  A hippogriff (D:7)
  Menkaure (D:6)
  An ice beast (D:5)
  A sky beast (D:6)
  An orc warrior (D:6)
  3 ogres
  3 centaurs
  Blork the orc (D:5)
  3 giant frogs
  2 scorpions (D:8)
  4 killer bees (D:9)
  3 wights (D:6)
  A howler monkey (D:6)
  A vampire bat (D:4)
  A crimson imp (D:5)
  2 centaur skeletons (D:4)
  2 jellies
  6 orc wizards
  3 orc priests
  Jessica (D:2)
  Terence (D:2)
  Ijyb (D:3)
  An iguana (D:4)
  4 worker ants
  3 hound skeletons
  A worker ant zombie (D:5)
  11 adders
  A shadow imp (D:5)
  3 oozes
  2 worms
  3 giant geckos
  24 orcs
  A ball python (D:3)
  7 giant cockroaches
  14 goblins
  4 hobgoblins
  6 jackals
  6 kobolds
  4 quokkas
  14 bats
  4 giant newts
  A quokka skeleton (D:5)
  6 rats
165 creatures vanquished.

Notes
Turn   | Place    | Note
--------------------------------------------------------------
     0 | D:1      | nubinia the Tengu Air Elementalist began the quest for the Orb.
     0 | D:1      | Reached XP level 1. HP: 10/10 MP: 4/4
   406 | D:1      | Reached XP level 2. HP: 13/15 MP: 1/6
   410 | D:1      | Learned a level 2 spell: Repel Missiles
   413 | D:1      | Learned a level 2 spell: Swiftness
   995 | D:2      | Reached XP level 3. HP: 19/19 MP: 2/7
  1522 | D:2      | Reached skill level 5 in Air Magic
  1576 | D:2      | Noticed Terence
  1643 | D:2      | Reached XP level 4. HP: 24/24 MP: 2/9
  1648 | D:2      | Learned a level 3 spell: Static Discharge
  1706 | D:2      | Noticed Jessica
  1712 | D:2      | Killed Jessica
  2011 | D:2      | Killed Terence
  2023 | D:3      | Gained mutation: You can fly. [Tengu growth]
  2023 | D:3      | Reached XP level 5. HP: 28/28 MP: 7/10
  2056 | D:3      | You are sucked into a shaft for 2 floors!
  2056 | D:5      | Entered Level 5 of the Dungeon
  2056 | D:5      | Noticed a sky beast
  2064 | D:5      | Found a staircase to the Ecumenical Temple.
  2071 | Temple   | Entered the Ecumenical Temple
  2173 | Temple   | Became a worshipper of Sif Muna the Loreminder
  2274 | D:5      | Noticed Blork the orc
  2310 | D:5      | Noticed an ice beast
  3038 | D:4      | Reached XP level 6. HP: 30/32 MP: 5/12
  3193 | D:4      | Reached skill level 6 in Air Magic
  3342 | D:4      | Reached * piety under Sif Muna
  3342 | D:4      | Reached XP level 7. HP: 37/37 MP: 7/14
  3450 | D:4      | Reached skill level 5 in Conjurations
  3851 | D:3      | Noticed Ijyb
  3864 | D:3      | Killed Ijyb
  3958 | D:4      | Noticed Sigmund
  4311 | D:4      | Killed Sigmund
  4311 | D:4      | Reached skill level 7 in Air Magic
  4311 | D:4      | Reached skill level 1 in Invocations
  4509 | D:5      | Reached XP level 8. HP: 42/42 MP: 12/16
  4880 | D:5      | Reached skill level 5 in Spellcasting
  5159 | D:5      | Reached ** piety under Sif Muna
  5187 | D:5      | Found a basalt altar of Yredelemnul.
  5238 | D:5      | Reached skill level 1 in Fighting
  5313 | D:5      | Killed Blork the orc
  5446 | D:6      | Noticed Grinder
  5546 | D:7      | Noticed M4edhros's ghost (novice OpAr)
  5708 | D:8      | Reached skill level 8 in Air Magic
  5820 | D:8      | Noticed Erica
  6054 | D:6      | Reached XP level 9. HP: 48/48 MP: 14/18
  6068 | D:6      | Learned a level 5 spell: Lightning Bolt
  6147 | D:6      | Noticed Menkaure
  6331 | D:6      | Reached *** piety under Sif Muna
  6430 | D:6      | Killed Grinder
  6482 | D:6      | Found a sparkling altar of Nemelex Xobeh.
  6604 | D:6      | Killed Menkaure
  7038 | D:6      | Reached skill level 9 in Air Magic
  7232 | D:9      | Found Qozxaq's Armour Shop.
  7311 | D:9      | Noticed a guardian serpent
  7328 | D:9      | Slain by a guardian serpent

Vault maps used:
D:1:      dpeg_arrival_pits
D:2:      uniq_terence, uniq_jessica
D:3:      kennysheep_the_goblin_king
D:4:      roderic_batcave, uniq_sigmund
D:5:      yredelemnul_altar_generic, minmay_temple_entry_statues_fountains,
          first_bread, uniq_blork_the_orc
D:6:      nicolae_overflow_hidden_temple, uniq_menkaure, uniq_grinder
D:7:      serial_shops, kennysheep_little_box, uniq_pikel
D:8:      uniq_erica
D:9:      nrook_guardian_serpent_snake_passage, serial_shops, shop
Temple:   kilobyte_greek_temple_18

Skill      XL: |  1  2  3  4  5  6  7  8  9 |
---------------+----------------------------+-----
Conjurations   | 2 4 5 7 |  7.9
Air Magic      | 5 6 7 8 9 |  9.1
Spellcasting   | 3 4 5 7 |  7.1
Dodging        | 3 4 |  4.5
Invocations    | 1 2 4 |  4.2
Fighting       | 1 |  1.8
Polearms       | |  0.2
Stealth        | |  2.6
Charms         | |  0.2
Evocations     | |  0.6

Action                   |  1- 3 |  4- 6 |  7- 9 || total
-------------------------+-------+-------+-------++-------
Melee: Dagger            |    11 |       |     7 ||    18
       Kick              |     4 |     6 |     6 ||    16
       Peck              |     2 |     2 |     3 ||     7
       Short sword       |     4 |    33 |    14 ||    51
       Scythe            |       |       |     7 ||     7
 Cast: Shock             |    55 |    80 |   229 ||   364
       Repel Missiles    |     1 |       |       ||     1
       Static Discharge  |       |     3 |    38 ||    41
       Swiftness         |       |     1 |     4 ||     5
       Lightning Bolt    |       |       |     1 ||     1
Invok: Channel Energy    |       |       |    89 ||    89
 Abil: Fly               |       |     1 |     6 ||     7
Evoke: Wand              |       |       |     7 ||     7
  Use: Scroll            |     3 |     3 |    14 ||    20
       Potion            |       |       |     2 ||     2
 Stab: Sleeping          |     1 |     1 |       ||     2
  Eat: Chunk             |     3 |     4 |    23 ||    30
       Beef jerky        |       |     1 |       ||     1
       Meat ration       |       |       |     1 ||     1
Armor: Robe              |     3 |    10 |    42 ||    55
Dodge: Dodged            |    13 |    33 |    91 ||   137
       Deflected         |       |       |     9 ||     9
